 Dungeon Crawl Stone Soup version 0.29-a0-923-g6e406bff71 (webtiles) character file.

Game seed: 7675093074239531790

263 manyhoops the Ruffian (level 5, -1/87 (90) HPs)
             Began as a Demigod Transmuter on July 27, 2022.
             Succumbed to Crazy Yiuf's poison
             ... on level 3 of the Dungeon.
             The game lasted 00:03:34 (3432 turns).

manyhoops the Ruffian (Demigod Transmuter)          Turns: 3432, Time: 00:03:35

HP:   -1/87 (90)    AC: 22    Str: 15    XL:     5   Next: 65%
MP:   8/10          EV:  2    Int: 15    God:
Gold: 49            SH:  0    Dex: 14    Spells: 4/7 levels left

rFire   . . .      SeeInvis .     - Unarmed
rCold   . . .      Faith    .   (no shield)
rNeg    . . .      Spirit   .   (body armour currently unavailable)
rPois   +          Reflect  .   (helmet currently unavailable)
rElec   .          Harm     .   (cloak currently unavailable)
rCorr   .          Rampage  .   (gloves currently unavailable)
Will    +....      NoTele   +   (boots currently unavailable)
Stlth   ..........              (no amulet)
HPRegen 0.24/turn               i - ring of willpower
MPRegen 0.12/turn               (no ring)

@: berserking, lethally poisoned (-1 -> -14), tree-form, wereblooded, lightly
drained, very quick
A: stationary, stasis, torment immunity, boosted hp, high MP 1, forlorn, divine
attributes
a: no special abilities


You were on level 3 of the Dungeon.
You were a tree.
You visited 1 branch of the dungeon, and saw 3 of its levels.

You collected 146 gold pieces.
You spent 97 gold pieces at shops.

Inventory:

Armour
 a - a +0 robe
 e - a +0 cloak (melded)
 j - a +0 leather armour (melded)
 m - a +0 helmet (melded)
Jewellery
 i - a ring of willpower (left branch)
Wands
 o - a wand of charming (2)
 r - a wand of flame (29)
 s - a wand of iceblast (8)
Scrolls
 c - a scroll of amnesia {unknown}
 f - a scroll of vulnerability {unknown}
 g - a scroll of enchant weapon {unknown}
 h - a scroll of noise {unknown}
 l - 2 scrolls of blinking
Potions
 k - a potion of haste {unknown}
 n - a potion of might {unknown}
 p - a potion of heal wounds {unknown}
 q - a potion of curing {unknown}


   Skills:
 + Level 1.5 Fighting
 - Level 1.7 Dodging
 + Level 6.0 Unarmed Combat
 - Level 1.7 Spellcasting
 - Level 1.7 Transmutations


You had 4 spell levels left.
You knew the following spells:

 Your Spells              Type           Power      Damage    Failure   Level
a - Beastly Appendage     Tmut           12%        N/A       11%         1
b - Wereblood             Tmut           6%         N/A       17%         2

Your spell library contained the following spells:

 Spells                   Type           Power      Damage    Failure   Level
 Foxfire                  Conj/Fire      4%         2x1d4     22%         1
 Blink                    Tloc           2%         N/A       34%         2
 Spider Form              Tmut/Pois      3%         N/A       43%         3
 Conjure Flame            Conj/Fire      1%         6-21      56%         3
 Inner Flame              Hex/Fire       1%         N/A       56%         3
 Ice Form                 Ice/Tmut       3%         N/A       85%         4
 Flame Wave               Conj/Fire      1%         2d4       92%         4
 Manifold Assault         Tloc           1%         N/A       99%         5
 Storm Form               Tmut/Air       1%         N/A       100%        7


Dungeon Overview and Level Annotations

Branches:
Dungeon (3/15)

Shops:
D:3 ?

Annotations:
D:3 Crazy Yiuf


Innate Abilities, Weirdness & Mutations

You are a tree.
Your roots penetrate the ground, keeping you stationary.
You cannot be teleported.
You are immune to unholy pain and torment.
Your maximum health is greatly increased.
Your equipment is partially melded.
You have an increased reservoir of magic. (+10% MP)
You shall have no god before yourself.
Your divine heritage dramatically boosts your attributes as you level up.


Message History

You grow a pair of large bovine horns.
Your feet morph into talons.
Your +0 helmet melds into your body.
No reachable target in view!
You open the door. You hit Crazy Yiuf but do no damage.
You claw Crazy Yiuf, but do no damage. Your punch misses Crazy Yiuf.
Crazy Yiuf closely misses you.
You hit Crazy Yiuf. Your kick misses Crazy Yiuf.
Crazy Yiuf is lightly wounded.
Crazy Yiuf cries, "You leg down broken song, no?"
Crazy Yiuf hits you with a +3 quarterstaff of chaos!
You are lethally poisoned!
You hit Crazy Yiuf. You claw Crazy Yiuf.
Crazy Yiuf is heavily wounded.
You feel very sick.
Crazy Yiuf hits you with a +3 quarterstaff of chaos!
* * * LOW HITPOINT WARNING * * *
Crazy Yiuf burns you.
* * * LOW HITPOINT WARNING * * *
Okay, then.
Really quaff the potion of lignification?
Your horns disappear.
Your talons disappear.
Your +0 helmet unmelds from your body.
You turn into a tree.
Your +0 cloak melds into your body.
Your +0 helmet melds into your body.
Your +0 leather armour melds into your body.
Your roots penetrate the ground.
* * * LOW HITPOINT WARNING * * *
You feel very sick.
Crazy Yiuf hits you with a +3 quarterstaff of chaos.
* * * LOW HITPOINT WARNING * * *
You feel drained.
It was a potion of berserk rage.
A red film seems to cover your vision as you go berserk!
You feel yourself moving faster!
You feel mighty!
* * * LOW HITPOINT WARNING * * *
You feel very sick. Crazy Yiuf hits you but does no damage.
Unknown command.
You hit Crazy Yiuf.
Crazy Yiuf is severely wounded.
You die...

#.#.###.#
#....#
#.........≈≈
#.......#
#....#
#..|........
#######.#
♣..P.♣
#........##.
#.####
♣...♣♣
#........##.
#....# ♣♣.♣♣
#........###
##..## ♣.♣♣
#........#
#######..##
♣♣.♣
#........#
#.......##
♣.♣♣
##########
..#######
♣♣♣♣ ### #g#
... #...#
#..)# #####


You could see Crazy Yiuf.

Vanquished Creatures
  A scorpion (D:3)
  Ijyb (D:3)
  2 orc wizards (D:3)
  Natasha (D:2)
  2 adders (D:3)
  A worm (D:2)
  2 dart slugs (D:1)
  8 orcs (D:3)
  4 ball pythons
  5 bats
  9 endoplasms
  5 giant cockroaches
  5 hobgoblins
  7 jackals (D:2)
  3 quokkas
  4 frilled lizards
  3 goblins (D:1)
  6 kobolds
  6 rats
75 creatures vanquished.

Notes
Turn   | Place    | Note
-------+----------+-------------------------------------------
     0 | D:1      | manyhoops the Demigod Transmuter began the quest for the
                  | Orb.
     0 | D:1      | Reached XP level 1. HP: 15/15 MP: 5/5
    82 | D:1      | Reached skill level 3 in Unarmed Combat
   250 | D:1      | Reached XP level 2. HP: 13/22 MP: 7/7
   809 | D:1      | You fall into a shaft and drop 1 floor!
  1093 | D:2      | Learned a level 2 spell: Wereblood
  1120 | D:2      | Reached XP level 3. HP: 21/27 MP: 6/8
  1214 | D:2      | Reached skill level 4 in Unarmed Combat
  1622 | D:2      | Reached skill level 1 in Fighting
  1813 | D:3      | Noticed Ijyb
  1815 | D:3      | Noticed Natasha
  1823 | D:2      | Killed Natasha
  2318 | D:3      | Reached XP level 4. HP: 35/35 MP: 4/9
  2432 | D:3      | Killed Ijyb
  2433 | D:3      | Reached skill level 5 in Unarmed Combat
  2519 | D:3      | Found Ufomoeto's Magic Scroll Emporium.
  2528 | D:3      | Bought a scroll of blinking for 97 gold pieces
  2654 | D:3      | Reached XP level 5. HP: 27/40 MP: 3/10
  2862 | D:3      | Found a runed translucent door.
  2863 | D:3      | Noticed Crazy Yiuf
  3277 | D:3      | Reached skill level 6 in Unarmed Combat
  3430 | D:3      | HP: 3/60 [Crazy Yiuf/+3 quarterstaff of chaos (3)]
  3432 | D:3      | Succumbed to Crazy Yiuf's poison

Illustrated notes

Levels and vault maps discovered:
D:1:      minmay_arrival_jagged, layout_rooms, dreamdust_ecumenical_altar_grove,
          minmay_crystal_water, minmay_cut_off
D:2:      layout_loops_cross, basic_altar, chequers_jeans
D:3:      layout_rooms, serial_shops, nicolae_shop_hallway_plus, minivault_14,
          minmay_fountain_box, minmay_misc_feat_encased,
          kennysheep_cluttered_room, uniq_crazy_yiuf_cottage, uniq_ijyb,
          uniq_natasha

Skill      XL: |  1  2  3  4  5 |
---------------+----------------+-----
Unarmed Combat | 3 4 5 6 |  6.0
Fighting       | 1 |  1.5
Dodging        | |  1.7
Spellcasting   | |  1.7
Transmutations | |  1.7

Action                   |  1- 3 |  4- 6 || total
-------------------------+-------+-------++-------
Melee: Unarmed           |   127 |    73 ||   200
       Kick              |    14 |     7 ||    21
       Headbutt          |     5 |     4 ||     9
       Punch             |     5 |     3 ||     8
 Cast: Beastly Appendage |    12 |     4 ||    16
       Wereblood         |     1 |     3 ||     4
  Use: Potion            |       |     2 ||     2
 Stab: Sleeping          |     2 |     1 ||     3
Armor: Robe              |    13 |       ||    13
       Leather armour    |    17 |    32 ||    49
       Skin              |       |     1 ||     1
Dodge: Dodged            |    70 |    37 ||   107

Table legend: (Time is in decaauts)
 A = Elapsed time spent in this place.
 B = Non-inter-level travel time spent in this place.
 C = Inter-level travel time spent in this place.
 D = Time resting spent in this place.
 E = Time spent auto-exploring this place.
 F = Levels seen in this place.
 G = Mean time per level.
                   A        B        C        D        E       F      G
               +--------+--------+--------+--------+--------+-----+--------+
         Total |   3417 |   3284 |    133 |    224 |   2595 |   3 | 1139.0 |
       Dungeon |   3417 |   3284 |    133 |    224 |   2595 |   3 | 1139.0 |
               +--------+--------+--------+--------+--------+-----+--------+

Top non-repeatable levels by time:
     D:2: 1272 daAuts
     D:1: 1115 daAuts
     D:3: 1030 daAuts
